 Dungeon Crawl Stone Soup version 0.29.1-2-gbd0b4ee654 (webtiles) character file.

Game seed: 17980455655703240816

35 jamestheduck25 the Covert (level 3, 0/35 HPs)
             Began as a Gnoll Delver on Nov 18, 2022.
             Slain by an adder (2 damage)
             ... on level 5 of the Dungeon.
             The game lasted 00:01:29 (457 turns).

jamestheduck25 the Covert (Gnoll Delver)             Turns: 457, Time: 00:01:30

Health: 0/35       AC:  3    Str: 13    XL:     3   Next: 35%
Magic:  4/4        EV: 13    Int:  9    God:
Gold:   9          SH:  0    Dex: 13    Spells: 3/3 levels left

rFire   . . .      SeeInvis .   a - +0 hand axe
rCold   . . .      Faith    .   (no shield)
rNeg    . . .      Spirit   .   b - +0 leather armour
rPois   .          Reflect  .   (no helmet)
rElec   .          Harm     .   (no cloak)
rCorr   .          Rampage  .   (no gloves)
Will    .....                   (no boots)
Stlth   ++++......              (no amulet)
HPRegen 0.11/turn               (no ring)
MPRegen 0.09/turn               (no ring)

@: no status effects
A: fangs 1, strong nose, distributed training
a: no special abilities


You were on level 5 of the Dungeon.
You visited 1 branch of the dungeon, and saw 1 of its levels.

You collected 9 gold pieces.

Inventory:

Hand Weapons
 a - a +0 hand axe (weapon)
Armour
 b - a +0 leather armour (worn)
Jewellery
 h - an amulet of the acrobat
Wands
 g - a wand of digging (3)
Scrolls
 d - a scroll of magic mapping
 e - a scroll of fear
Potions
 f - a potion of haste
 i - a potion of ambrosia {unknown}


   Skills:
 + Level 6.5 Fighting
 + Level 0.8 Short Blades
 + Level 0.8 Long Blades
 + Level 4.5 Axes
 + Level 0.8 Maces & Flails
 + Level 0.8 Polearms
 + Level 0.8 Staves
 + Level 0.8 Ranged Weapons
 + Level 0.8 Throwing
 + Level 0.8 Armour
 + Level 4.5 Dodging
 + Level 9.6 Stealth
 + Level 0.8 Shields
 + Level 0.8 Unarmed Combat
 + Level 0.8 Spellcasting
 + Level 0.5 Conjurations
 + Level 0.5 Hexes
 + Level 0.5 Summonings
 + Level 0.5 Necromancy
 + Level 0.5 Translocations
 + Level 0.5 Transmutations
 + Level 0.5 Fire Magic
 + Level 0.5 Ice Magic
 + Level 0.5 Air Magic
 + Level 0.5 Earth Magic
 + Level 0.5 Poison Magic
 + Level 1.0 Invocations
 + Level 0.8 Evocations


You had 3 spell levels left.
You didn't know any spells.
Your spell library was empty.

Dungeon Overview and Level Annotations

Branches:
Dungeon (5/15)
 Temple: D:4-7

Altars:


Innate Abilities, Weirdness & Mutations

You have very sharp teeth.
Your uncanny sense of smell can sniff out nearby items.
Your experience applies equally to all skills.


Message History

You open the door.
There is an open door here.
You open the door.
An adder and an ice beast come into view.
Unknown command.
As you read the scroll of fog, it crumbles to dust.
The scroll dissolves into smoke.
There is an open door here.
Found an escape hatch in the ceiling.
The helpless ice beast fails to defend itself.
You hit the ice beast but do no damage.
You bite the ice beast, but do no damage.
The ice beast completely misses you. The ice beast barely misses you.
You hit the ice beast but do no damage. The ice beast barely misses you.
You hit the ice beast but do no damage.
The adder hisses angrily.
The ice beast hits you. The ice beast freezes you.
You hit the ice beast.
The ice beast is lightly wounded.
The ice beast closely misses you.
You hit the ice beast.
The ice beast is moderately wounded.
You hit the adder. The adder bites you. The ice beast misses you.
The adder bites you.
You hit the ice beast.
The ice beast is heavily wounded.
You barely miss the adder. The adder barely misses you. The ice beast hits you.
The ice beast freezes you!
You hit the ice beast.
The ice beast is heavily wounded.
You hit the adder. The adder bites you but does no damage.
The ice beast hits you. The ice beast freezes you!
* * * LOW HITPOINT WARNING * * *
The adder barely misses you.
You hit the ice beast but do no damage.
The ice beast is heavily wounded.
You hit the adder.
The ice beast hits you but does no damage.
The adder bites you.
You die...

#. #.......#.....#.#
#...###§###.######...
#... #§# #.# #...
#... #§# #.. #...
#...###§#####. #...
#.<.§§§§§# .# #...
....§§§§+ ####...
#...§.§# #....(.
#.@S...# #......
#.Y....# #......
#......# #......
#......# #######
#........ #....[
####...... #.....
...... #..... ......
#..... #.....


You could see an ice beast and an adder.

Vanquished Creatures
  A hound (D:5)
  2 dart slugs (D:5)
3 creatures vanquished.

Notes
Turn   | Place    | Note
-------+----------+-------------------------------------------
     0 | D:5      | Reached skill level 9 in Stealth
     0 | D:5      | jamestheduck25 the Gnoll Delver began the quest for the
                  | Orb.
     0 | D:5      | Reached XP level 1. HP: 23/23 MP: 1/1
    52 | D:5      | Noticed a hound
    70 | D:5      | Killed a hound
    71 | D:5      | Reached XP level 2. HP: 8/29 MP: 1/3
    71 | D:5      | Reached XP level 3. HP: 10/35 MP: 1/4
   380 | D:5      | Reached skill level 1 in Invocations
   441 | D:5      | Noticed an ice beast
   457 | D:5      | Slain by an adder

Illustrated notes

Levels and vault maps discovered:
D:5:      layout_basic, nicolae_ashenzari_skybound,
          ebering_ghost_reflecting_pool

Skill      XL: |  1  2  3 |
---------------+----------+-----
Stealth        | |  9.6
Invocations    | 1 |  1.0
Fighting       | |  6.5
Short Blades   | |  0.8
Long Blades    | |  0.8
Axes           | |  4.5
Maces & Flails | |  0.8
Polearms       | |  0.8
Staves         | |  0.8
Ranged Weapons | |  0.8
Throwing       | |  0.8
Armour         | |  0.8
Dodging        | |  4.5
Shields        | |  0.8
Unarmed Combat | |  0.8
Spellcasting   | |  0.8
Conjurations   | |  0.5
Hexes          | |  0.5
Summonings     | |  0.5
Necromancy     | |  0.5
Translocations | |  0.5
Transmutations | |  0.5
Fire Magic     | |  0.5
Ice Magic      | |  0.5
Air Magic      | |  0.5
Earth Magic    | |  0.5
Poison Magic   | |  0.5
Evocations     | |  0.8

Action                   || total
-------------------------++-------
Melee: Hand axe          ||    22
       Bite              ||     1
  Use: Scroll            ||     1
 Stab: Sleeping          ||     2
Armor: Leather armour    ||     4
Dodge: Dodged            ||    15
